TOP OF THE 1ST |
Plumstead Eagles batting - Pitching for Manhatten Meatheads : LHP Ángelo Gutiérrez
|
Pitching: LHP Ángelo Gutiérrez
|
|
Batting: LHB Dennis McConnell
|
0-0: Called Strike 0-1: Ground out 4-3 (Groundball, 4)
|
Batting: LHB António Álvarez
|
0-0: Ball 1-0: Ground out 5-3 (Groundball, 56)
|
Batting: RHB Wayne Workman
|
0-0: Ball 1-0: Ball 2-0: Ball 3-0: Called Strike 3-1: Called Strike 3-2: Base on Balls
|
Batting: LHB Conan Bush
|
0-0: Ball 1-0: Foul Ball, location: 2F 1-1: Ball 2-1: Foul Ball, location: 2F 2-2: Ball 3-2: Strikes out swinging
|
Top of the 1st over - 0 runs, 0 hits, 0 errors, 1 left on base; Plumstead 0 - Manhatten 0 |
BOTTOM OF THE 1ST |
Manhatten Meatheads batting - Pitching for Plumstead Eagles : RHP Jack Bass
|
Pitching: RHP Jack Bass
|
|
Batting: LHB Wayne Rogers
|
0-0: Ground out U3 (Groundball, 34S)
|
Batting: RHB Roberto Rodríguez
|
0-0: Foul Ball, location: 2F 0-1: Foul Ball, location: 2F 0-2: Strikes out looking
|
Batting: RHB António Vargas
|
0-0: Ball 1-0: Ball 2-0: Foul Ball, location: 2F 2-1: SINGLE (Groundball, 4MS) (infield hit)
|
Batting: LHB Geoff May
|
0-0: Ball 1-0: Ball Wild Pitch! António Vargas to second 2-0: Ground out 6-3 (Groundball, 6)
|
Bottom of the 1st over - 0 runs, 1 hit, 0 errors, 1 left on base; Plumstead 0 - Manhatten 0 |
TOP OF THE 2ND |
Plumstead Eagles batting - Pitching for Manhatten Meatheads : LHP Ángelo Gutiérrez
|
Batting: RHB John Small
|
0-0: Ground out U3 (Groundball, 34)
|
Batting: SHB Joaquín Gilera
|
0-0: Called Strike 0-1: Swinging Strike 0-2: Foul Ball, location: 2F 0-2: Strikes out swinging
|
Batting: LHB Joe Rutherford
|
0-0: Ball 1-0: Called Strike 1-1: Swinging Strike 1-2: Strikes out swinging
|
Top of the 2nd over - 0 runs, 0 hits, 0 errors, 0 left on base; Plumstead 0 - Manhatten 0 |
BOTTOM OF THE 2ND |
Manhatten Meatheads batting - Pitching for Plumstead Eagles : RHP Jack Bass
|
Batting: RHB Paul French
|
0-0: Called Strike 0-1: Ball 1-1: Ground out 6-3 (Groundball, 6)
|
Batting: LHB Brent Haynes
|
0-0: Foul Ball, location: 2F 0-1: Ball 1-1: Foul Ball, location: 2F 1-2: Strikes out swinging
|
Batting: RHB Wayne Hanson
|
0-0: Swinging Strike 0-1: Ground out 6-3 (Groundball, 56)
|
Bottom of the 2nd over - 0 runs, 0 hits, 0 errors, 0 left on base; Plumstead 0 - Manhatten 0 |
TOP OF THE 3RD |
Plumstead Eagles batting - Pitching for Manhatten Meatheads : LHP Ángelo Gutiérrez
|
Batting: RHB Jimmy Myers
|
0-0: Called Strike 0-1: Swinging Strike 0-2: Hit by Pitch
|
Batting: LHB José Marín
|
0-0: Grounds into double play, 5-4-3 (Groundball, 5)
|
Batting: LHB Dennis McConnell
|
0-0: Ball 1-0: Swinging Strike 1-1: Called Strike 1-2: Ball 2-2: Strikes out swinging
|
Top of the 3rd over - 0 runs, 0 hits, 0 errors, 0 left on base; Plumstead 0 - Manhatten 0 |
BOTTOM OF THE 3RD |
Manhatten Meatheads batting - Pitching for Plumstead Eagles : RHP Jack Bass
|
Batting: LHB Justin Tubridy
|
0-0: Ground out 4-3 (Groundball, 4M)
|
Batting: RHB Dennis Kelly
|
0-0: Foul Ball, location: 2F 0-1: Called Strike 0-2: Ball 1-2: Strikes out looking
|
Batting: LHB Wayne Rogers
|
0-0: Ball 1-0: Ball 2-0: Ground out 5-3 (Groundball, 56)
|
Bottom of the 3rd over - 0 runs, 0 hits, 0 errors, 0 left on base; Plumstead 0 - Manhatten 0 |
TOP OF THE 4TH |
Plumstead Eagles batting - Pitching for Manhatten Meatheads : LHP Ángelo Gutiérrez
|
Batting: LHB António Álvarez
|
0-0: Called Strike 0-1: Ball 1-1: SINGLE (Groundball, 34D)
|
Batting: RHB Wayne Workman
|
0-0: Ball 1-0: Ball 2-0: Ball 3-0: Called Strike 3-1: Base on Balls António Álvarez to second
|
Batting: LHB Conan Bush
|
0-0: Called Strike 0-1: Ball 1-1: Ball 2-1: Foul Ball, location: 2F 2-2: Foul Ball, location: 2F 2-2: Grounds into double play, 4-6-3 (Groundball, 4) António Álvarez to third
|
Batting: RHB John Small
|
0-0: SINGLE (Groundball, 5D) António Álvarez scores
|
Batting: SHB Joaquín Gilera
|
0-0: Ball 1-0: Swinging Strike 1-1: Ball 2-1: Ball 3-1: Foul Ball, location: 2F 3-2: Fly out, F7 (Line Drive, 7LM)
|
Top of the 4th over - 1 run, 2 hits, 0 errors, 1 left on base; Plumstead 1 - Manhatten 0 |
BOTTOM OF THE 4TH |
Manhatten Meatheads batting - Pitching for Plumstead Eagles : RHP Jack Bass
|
Batting: RHB Roberto Rodríguez
|
0-0: Ground out 6-3 (Groundball, 6)
|
Batting: RHB António Vargas
|
0-0: DOUBLE (Line Drive, 78S)
|
Batting: LHB Geoff May
|
0-0: Ball 1-0: Called Strike 1-1: Fly out, F7 (Line Drive, 78S)
|
Batting: RHB Paul French
|
0-0: SINGLE (Groundball, 56D) António Vargas to third Runner from 3rd tries for Home, SAFE, throw made home Paul French to second
|
Batting: LHB Brent Haynes
|
0-0: Swinging Strike 0-1: Ball 1-1: Ball 2-1: SINGLE (Flyball, 9LS) Paul French to third Runner from 3rd tries for Home, SAFE, no throw
|
Batting: RHB Wayne Hanson
|
0-0: DOUBLE (Flyball, 8LD) Brent Haynes to third
|
Batting: LHB Justin Tubridy
|
0-0: SINGLE (Groundball, 34D) Brent Haynes scores Wayne Hanson to third Runner from 3rd tries for Home, SAFE, no throw
|
Batting: RHB Dennis Kelly
|
0-0: Ball 1-0: Called Strike 1-1: Called Strike 1-2: Strikes out swinging
|
Bottom of the 4th over - 4 runs, 5 hits, 0 errors, 1 left on base; Plumstead 1 - Manhatten 4 |
TOP OF THE 5TH |
Plumstead Eagles batting - Pitching for Manhatten Meatheads : LHP Ángelo Gutiérrez
|
Batting: LHB Joe Rutherford
|
0-0: Ball 1-0: Foul Ball, location: 2F 1-1: Foul Ball, location: 2F 1-2: Ball 2-2: Ball 3-2: Ground out 6-3 (Groundball, 6)
|
Batting: RHB Jimmy Myers
|
0-0: Called Strike 0-1: Called Strike 0-2: Ball 1-2: Ball 2-2: Foul Ball, location: 2F 2-2: Ball 3-2: Foul Ball, location: 2F 3-2: Strikes out swinging
|
Batting: LHB José Marín
|
0-0: Called Strike 0-1: Called Strike 0-2: Ball 1-2: Strikes out swinging
|
Top of the 5th over - 0 runs, 0 hits, 0 errors, 0 left on base; Plumstead 1 - Manhatten 4 |
BOTTOM OF THE 5TH |
Manhatten Meatheads batting - Pitching for Plumstead Eagles : RHP Jack Bass
|
Batting: LHB Wayne Rogers
|
0-0: Ball 1-0: Ball 2-0: Ball 3-0: Called Strike 3-1: SINGLE (Groundball, 5D)
|
Batting: RHB Roberto Rodríguez
|
0-0: Ball 1-0: Ball Throwing error on steal attempt, E2 Wayne Rogers to third 2-0: SINGLE (Line Drive, 89S) Wayne Rogers scores
|
Batting: RHB António Vargas
|
0-0: Called Strike Roberto Rodríguez steals 2nd base 0-1: Ball 1-1: Fly out, F7 (Flyball, 7)
|
Batting: LHB Geoff May
|
0-0: Ground out 6-3 (Groundball, 6) Roberto Rodríguez to third
|
Batting: RHB Paul French
|
0-0: Swinging Strike 0-1: Called Strike 0-2: Ball 1-2: Ball 2-2: Foul Ball, location: 2F 2-2: Ball 3-2: SINGLE (Flyball, 7S) Roberto Rodríguez scores
|
Batting: LHB Brent Haynes
|
0-0: Ball 1-0: SINGLE (Groundball, 4MD) Paul French to second Runner from 2nd tries for 3rd, SAFE, no throw
|
Batting: RHB Wayne Hanson
|
0-0: Swinging Strike 0-1: Fly out, F7 (Flyball, 78S)
|
Bottom of the 5th over - 2 runs, 4 hits, 1 error, 2 left on base; Plumstead 1 - Manhatten 6 |
TOP OF THE 6TH |
Plumstead Eagles batting - Pitching for Manhatten Meatheads : LHP Ángelo Gutiérrez
|
Batting: LHB Dennis McConnell
|
0-0: Ball 1-0: Ball 2-0: Called Strike 2-1: Ground out 4-3 (Groundball, 34)
|
Batting: LHB António Álvarez
|
0-0: Called Strike 0-1: Ball 1-1: Ball 2-1: SINGLE (Line Drive, 34D)
|
Batting: RHB Wayne Workman
|
0-0: Fielders Choice at 2nd, 6-4 (Groundball, 6M)
|
Batting: LHB Conan Bush
|
0-0: Ball 1-0: Fly out, F9 (Flyball, 89M)
|
Top of the 6th over - 0 runs, 1 hit, 0 errors, 1 left on base; Plumstead 1 - Manhatten 6 |
BOTTOM OF THE 6TH |
Manhatten Meatheads batting - Pitching for Plumstead Eagles : RHP Jack Bass
|
Pitching: RHP John Bauer
|
|
Batting: LHB Justin Tubridy
|
0-0: Ball 1-0: SINGLE (Groundball, 56D)
|
Batting: RHB Dennis Kelly
|
0-0: Fly out, F7 (Flyball, 7LMF)
|
Batting: LHB Wayne Rogers
|
0-0: Called Strike 0-1: Fly out, F3 (Popup, 3SF)
|
Batting: RHB Roberto Rodríguez
|
0-0: SINGLE (Groundball, 6MD) Justin Tubridy to second Runner from 2nd tries for 3rd, SAFE, no throw
|
Batting: RHB António Vargas
|
0-0: Ball 1-0: Swinging Strike 1-1: Ball 2-1: Ball 3-1: Base on Balls Roberto Rodríguez to second
|
Batting: LHB Geoff May
|
0-0: Ball 1-0: SINGLE (Groundball, 4D) Justin Tubridy scores Roberto Rodríguez to third António Vargas to second Runner from 3rd tries for Home, SAFE, no throw
|
Batting: RHB Paul French
|
0-0: Ball 1-0: Ball 2-0: Foul Ball, location: 2F 2-1: Ground out 6-3 (Groundball, 56)
|
Bottom of the 6th over - 2 runs, 3 hits, 0 errors, 2 left on base; Plumstead 1 - Manhatten 8 |
TOP OF THE 7TH |
Plumstead Eagles batting - Pitching for Manhatten Meatheads : LHP Ángelo Gutiérrez
|
Batting: RHB John Small
|
0-0: Swinging Strike 0-1: SINGLE (Groundball, 56D)
|
Batting: SHB Joaquín Gilera
|
0-0: Called Strike 0-1: Ball 1-1: Swinging Strike 1-2: Strikes out swinging
|
Batting: LHB Joe Rutherford
|
0-0: Ball 1-0: Ball 2-0: Swinging Strike 2-1: Foul Ball, location: 2F 2-2: Ball 3-2: Strikes out swinging
|
Batting: RHB Jimmy Myers
|
0-0: Called Strike 0-1: Ball 1-1: Foul Ball, location: 2F 1-2: Ball 2-2: Strikes out swinging, 2-3 out at first.
|
Top of the 7th over - 0 runs, 1 hit, 0 errors, 1 left on base; Plumstead 1 - Manhatten 8 |
BOTTOM OF THE 7TH |
Manhatten Meatheads batting - Pitching for Plumstead Eagles : RHP John Bauer
|
Batting: LHB Brent Haynes
|
0-0: Ball 1-0: Called Strike 1-1: Called Strike 1-2: Ball 2-2: Strikes out swinging, 2-3 out at first.
|
Batting: RHB Wayne Hanson
|
0-0: Ball 1-0: Foul Ball, location: 2F 1-1: Called Strike 1-2: Fly out, F8 (Line Drive, 78M)
|
Batting: LHB Justin Tubridy
|
0-0: Ball 1-0: Ground out 4-3 (Groundball, 4)
|
Bottom of the 7th over - 0 runs, 0 hits, 0 errors, 0 left on base; Plumstead 1 - Manhatten 8 |
TOP OF THE 8TH |
Plumstead Eagles batting - Pitching for Manhatten Meatheads : LHP Ángelo Gutiérrez
|
Now at 2B: Wayne Scott
|
|
Batting: LHB José Marín
|
0-0: Ground out 4-3 (Groundball, 4)
|
Batting: LHB Dennis McConnell
|
0-0: SINGLE (Line Drive, 4MD)
|
Batting: LHB António Álvarez
|
0-0: Ball 1-0: Called Strike 1-1: Called Strike 1-2: Strikes out swinging
|
Batting: RHB Wayne Workman
|
0-0: Called Strike 0-1: Ball 1-1: Ball 2-1: Fly out, F7 (Line Drive, 7S)
|
Top of the 8th over - 0 runs, 1 hit, 0 errors, 1 left on base; Plumstead 1 - Manhatten 8 |
BOTTOM OF THE 8TH |
Manhatten Meatheads batting - Pitching for Plumstead Eagles : RHP John Bauer
|
Batting: RHB Dennis Kelly
|
0-0: Ball 1-0: Ball 2-0: Ball 3-0: Called Strike 3-1: Swinging Strike 3-2: Base on Balls
|
Batting: LHB Wayne Rogers
|
0-0: Ball Dennis Kelly steals 2nd base 1-0: Swinging Strike 1-1: Ball 2-1: Called Strike 2-2: Foul Ball, location: 2F 2-2: Fly out, F7 (Flyball, 7LS)
|
Batting: RHB Roberto Rodríguez
|
0-0: Foul Ball, location: 2F 0-1: SINGLE (Line Drive, 56D) Dennis Kelly to third Runner from 3rd tries for Home, SAFE, throw made home
|
Batting: RHB António Vargas
|
0-0: Called Strike 0-1: Called Strike 0-2: Ball 1-2: Foul Ball, location: 2F 1-2: Ball 2-2: DOUBLE (Flyball, 78D) Roberto Rodríguez to third Runner from 3rd tries for Home, SAFE, no throw
|
Batting: LHB Geoff May
|
0-0: SINGLE (Groundball, 4MD) António Vargas to third
|
Batting: RHB Paul French
|
0-0: Swinging Strike 0-1: Foul Ball, location: 2F 0-2: Ball 1-2: Foul Ball, location: 2F 1-2: Strikes out looking
|
Batting: LHB Brent Haynes
|
0-0: Swinging Strike 0-1: Ball 1-1: Foul Ball, location: 2F 1-2: Foul Ball, location: 2F 1-2: Fly out, F7 (Flyball, 7LM)
|
Bottom of the 8th over - 2 runs, 3 hits, 0 errors, 2 left on base; Plumstead 1 - Manhatten 10 |
TOP OF THE 9TH |
Plumstead Eagles batting - Pitching for Manhatten Meatheads : LHP Ángelo Gutiérrez
|
Now at 1B: Miguel Pérez
|
|
Batting: LHB Conan Bush
|
0-0: Foul Ball, location: 2F 0-1: Ground out 4-3 (Groundball, 4)
|
Batting: RHB John Small
|
0-0: Ball 1-0: Foul Ball, location: 2F 1-1: Ground out 5-3 (Groundball, 56)
|
Batting: SHB Joaquín Gilera
|
0-0: Called Strike 0-1: Fly out, F9 (Flyball, 9)
|
Top of the 9th over - 0 runs, 0 hits, 0 errors, 0 left on base; Plumstead 1 - Manhatten 10 |
|